 Dungeon Crawl Stone Soup version 0.31-a0-246-g8cbcc1cb85 (webtiles) character file.

Game seed: 13341990891920593324

39 qw the Shooter (level 3, 0/21 HPs)
             Began as a Gargoyle Hexslinger on July 12, 2023.
             Slain by a river rat (6 damage)
             ... on level 3 of the Dungeon.
             The game lasted 00:00:32 (1139 turns).

qw the Shooter (Gargoyle Hexslinger)                Turns: 1139, Time: 00:00:32

Health: 0/21       AC:  9    Str: 17    XL:     3   Next: 45%
Magic:  4/4        EV: 11    Int: 13    God:
Gold:   96         SH:  0    Dex: 14    Spells: 3/4 levels left

rFire   . . .        Y - +3 sling
rCold   . . .        (no shield)
rNeg    + . .        n - +0 ring mail
rPois   inf          b - +0 helmet
rElec   +            (no cloak)
rCorr   .            (no gloves)
SInv    .            (no boots)
Will    .....        (no amulet)
Stlth   +            d - +6 ring of strength
HPRegen 0.23/turn    (no ring)
MPRegen 0.09/turn

%: no passive effects
@: no status effects
A: sickness immunity, AC +3, negative energy resistance 1, electricity
resistance, torment resistance 1, petrification resistance
a: no special abilities


You were on level 3 of the Dungeon.
You visited 1 branch of the dungeon, and saw 3 of its levels.

You collected 125 gold pieces.
You spent 29 gold pieces at shops.


Innate Abilities, Weirdness & Mutations

You are immune to sickness and miasma.
Your stone body is resilient. (AC +3)
You are immune to poison.
You resist negative energy. (rN+)
You are resistant to electric shocks. (rElec)
You are resistant to unholy torment.
You are immune to petrification.


   Skills:
 - Level 2.0 Fighting
 + Level 3.3 Ranged Weapons
 - Level 1.5 Dodging
 - Level 1.0 Spellcasting
 - Level 2.6 Hexes


You had 3 spell levels left.
You knew the following spells:

 Your Spells              Type           Power      Damage    Failure   Level
a - Slow                  Hex            28%        N/A       17%         1

Your spell library contained the following spells:

 Spells                   Type           Power      Damage    Failure   Level
 Inner Flame              Hex/Fire       4%         N/A       65%         3
 Portal Projectile        Hex/Tloc       8%         N/A       65%         3
 Cause Fear               Hex            3%         N/A       86%         4

Inventory:

Hand Weapons
 Y - a +3 sling (weapon)
Armour
 b - a +0 helmet (worn)
 n - a +0 ring mail (worn)
Jewellery
 d - a +6 ring of strength (left hand)
Scrolls
 a - a scroll of acquirement {unknown}
Potions
 c - a potion of ambrosia {unknown}
 e - a potion of mutation {unknown}
 f - a potion of cancellation {unknown}
 g - a potion of curing {unknown}
 h - a potion of enlightenment {unknown}
 i - a potion of attraction {unknown}
 l - a potion of might

Dungeon Overview and Level Annotations

Branches:
Dungeon (3/15)

Altars:

Shops:
D:1 *!(?

Portals:
Sewer: D:3


Message History

Enter note:
Found a dagger.
Enter note:
Enter note:
Enter note:
Enter note: A giant cockroach and 2 river rats come into view.
Found a glowing drain.
Enter note:
Enter note:
Enter note:
Enter note:
Enter note:
Enter note: You shoot a sling bullet.
The sling bullet closely misses the river rat.
The sling bullet barely misses the river rat.
You shoot a sling bullet.
The sling bullet barely misses the river rat.
The sling bullet hits the river rat.
The river rat is heavily wounded.
You shoot a sling bullet. The sling bullet hits the river rat.
The river rat is moderately wounded.
The river rat closely misses you.
You shoot a sling bullet.
The sling bullet closely misses the river rat.
The river rat barely misses you. The river rat bites you.
The giant cockroach misses you.
You shoot a sling bullet.
The sling bullet hits the river rat but does no damage.
The river rat is heavily wounded.
The river rat bites you! The river rat closely misses you.
The giant cockroach bites you. The river rat bites you.
The river rat barely misses you.
You shoot a sling bullet.
The sling bullet barely misses the river rat.
You hear the slow rusting of a drain very nearby.
The giant cockroach bites you but does no damage.
The river rat barely misses you. The river rat bites you.
You die...

.............###......
......<...#... ....... #
.........)##.# #.....
............##.####.....
............##.....#....
~~....#.................
~~~..##.................
\~~...r.............##..
~~~...r@...........###..
~~..$.B..|.........# #..
................#### #..
.............(..# ....
................# ...P.
................# #..7P7
................ ...777
..######.......


You could see 2 river rats and a giant cockroach.

Vanquished Creatures
  A dart slug (D:2)
  A ball python (D:3)
  5 bats
  5 endoplasms
  A giant cockroach (D:2)
  5 goblins
  4 hobgoblins
  3 frilled lizards
  4 kobolds
  7 rats
36 creatures vanquished.

Notes
Turn   | Place    | Note
-------+----------+-------------------------------------------
     0 | D:1      | qw the Gargoyle Hexslinger began the quest for the Orb.
     0 | D:1      | Reached XP level 1. HP: 12/12 MP: 2/2
     0 | D:1      | 0 ||| qw: Version: 0.3-a-52-g30416fa
     0 | D:1      | 0 ||| qw: Game counter: 6206
     0 | D:1      | 0 ||| qw: Melee chars always use a shield: true
     0 | D:1      | 0 ||| qw: God list: Okawaru
     0 | D:1      | 0 ||| qw: Allow faded altars: false
     0 | D:1      | 0 ||| qw: Do Orc after clearing Dungeon:15 true
     0 | D:1      | 0 ||| qw: Do second Lair branch before Depths: true
     0 | D:1      | 0 ||| qw: Lair rune preference: random
     0 | D:1      | 0 ||| qw: Goals: Normal
     0 | D:1      | 0 ||| PLANNING D:1-11
    52 | D:1      | Found Cesch's Magic Scroll Shoppe.
    58 | D:1      | Found Gaweepp's Distillery.
    60 | D:1      | 60 ||| SHOPLISTING scroll of enchant weapon (90 gold, have
                  | 12).
    60 | D:1      | 60 ||| SHOPLISTING scroll of identify (24 gold, have 12).
    60 | D:1      | 60 ||| SHOPLISTING scroll of teleportation (36 gold, have
                  | 12).
    79 | D:1      | 79 ||| SHOPLISTING potion of cancellation (96 gold, have
                  | 12).
    79 | D:1      | 79 ||| SHOPLISTING potion of curing (36 gold, have 12).
    79 | D:1      | 79 ||| SHOPLISTING potion of haste (120 gold, have 12).
    97 | D:1      | Reached XP level 2. HP: 16/16 MP: 3/3
   225 | D:1      | Found Vushreps's Assorted Antiques.
   233 | D:1      | 233 ||| BUYING brown potion (29 gold).
   233 | D:1      | Bought a brown potion for 29 gold pieces
   233 | D:1      | 233 ||| SHOPLISTING scroll labelled CIGYFOI GUISS (33 gold,
                  | have 28).
   233 | D:1      | 233 ||| SHOPLISTING scroll labelled FEIJEFOSEK (33 gold,
                  | have 28).
   233 | D:1      | 233 ||| SHOPLISTING spiked ring mail (297 gold, have 28).
   255 | D:1      | Found Cur Bewe's Weapon Shop.
   262 | D:1      | Reached skill level 3 in Ranged Weapons
   332 | D:1      | 332 ||| UPGRADING to +0 leather armour.
   342 | D:1      | 342 ||| DROPPING +0 robe.
   343 | D:1      | 343 ||| UPGRADING to +0 ring mail.
   353 | D:1      | 353 ||| DROPPING +0 leather armour.
   354 | D:1      | 354 ||| READING scroll labelled FIETWIL UGOSEO.
   355 | D:1      | 355 ||| READING scroll labelled OSSOIT JIAW.
   356 | D:1      | 356 ||| READING scroll labelled ARHAOQ QUITO.
   357 | D:1      | 357 ||| READING scroll labelled JUMMED PINLA.
   358 | D:1      | 358 ||| READING 3 scrolls labelled UNATI CEKIAROI.
   359 | D:1      | 359 ||| DRINKING 2 smoky inky potions.
   360 | D:1      | 360 ||| DROPPING scroll of poison.
   361 | D:1      | 361 ||| DROPPING potion of brilliance.
   362 | D:1      | 362 ||| DROPPING 2 scrolls of amnesia.
   503 | D:2      | 503 ||| FLEEEEING.
   530 | D:2      | 530 ||| READING scroll of enchant weapon.
   530 | D:2      | 530 ||| ENCHANTING +2 sling.
   694 | D:2      | Reached XP level 3. HP: 21/21 MP: 4/4
  1018 | D:2      | 1018 ||| UPGRADING to +0 helmet.
  1023 | D:2      | 1023 ||| DROPPING ring of flight.
  1024 | D:2      | 1024 ||| UPGRADING to +6 ring of strength.
  1025 | D:2      | 1025 ||| DRINKING 2 brown potions.
  1043 | D:3      | 1043 ||| PLANNING SEWER
  1133 | D:3      | Found a glowing drain.
  1139 | D:3      | Slain by a river rat

Levels and vault maps discovered:
D:1:      heliophobic_arrival_enchanted_forest, layout_rooms, serial_shops,
          nicolae_shop_dealshenge, nicolae_shop_gibbet_a_chance, shop, shop
D:2:      layout_basic, minmay_between
D:3:      layout_basic, portal_sewer_entry_a, serial_forest,
          infiniplex_forest_side_room, infiniplex_forest_diagonal,
          infiniplex_forest_clump_long, infiniplex_forest_clump_curved,
          infiniplex_forest_clump_large, infiniplex_forest_lined_2,
          infiniplex_forest_split, minmay_hedge_maze, minmay_misc_feat_cross

Skill      XL: |  1  2 |
---------------+-------+-----
Ranged Weapons | 3 |  3.3
Fighting       | 2 |  2.0
Dodging        | |  1.5
Spellcasting   | |  1.0
Hexes          | |  2.6

Action                     || total
---------------------------++-------
   Fire: Sling             ||    84
    Use: Scroll            ||     6
         Potion            ||     2
 Armour: Ring mail         ||    15
         Robe              ||     1
  Dodge: Dodged            ||    21

Table legend:
 A = Non-vault XP
 B = Vault XP
 C = Vault XP percentage of total XP
 D = Non-vault monster count
 E = Vault monster count
 F = Vault count percentage of total count
                 A         B        C        D         E       F
            +---------+---------+-------+---------+---------+-------
      Total |      47 |       9 |  16.1 |      31 |       5 |  13.9
            +---------+---------+-------+---------+---------+-------
        D:1 |      19 |       0 |   0.0 |      12 |       0 |   0.0
        D:2 |      23 |       9 |  28.1 |      16 |       5 |  23.8
        D:3 |       5 |       0 |   0.0 |       3 |       0 |   0.0
            +---------+---------+-------+---------+---------+-------
